 Dungeon Crawl Stone Soup version 0.29.0-13-gc9e81de378 (webtiles) character file.

Game seed: 12387086243446559572

694 funkygono the Firebug (level 7, -3/36 HPs)
             Began as a Gargoyle Fire Elementalist on Sept 9, 2022.
             Was an Initiate of Vehumet.
             Slain by a two-headed ogre
             ... wielding a +0 dire flail
              (14 damage)
             ... on level 5 of the Dungeon.
             The game lasted 00:09:34 (6507 turns).

funkygono the Firebug (Gargoyle Fire Elementalist)  Turns: 6507, Time: 00:09:34

Health: -3/36      AC:  8    Str: 12    XL:     7   Next: 64%
Magic:  4/13       EV: 12    Int: 17    God:    Vehumet [......]
Gold:   153        SH:  0    Dex: 10    Spells: 5/15 levels left

rFire   + . .      SeeInvis .   u - +0 whip
rCold   x . .      Faith    .   (no shield)
rNeg    + . .      Spirit   .   a - +0 robe
rPois   ∞          Reflect  .   (no helmet)
rElec   +          Harm     .   c - +1 cloak
rCorr   .          Rampage  .   (no gloves)
Will    .....                   (no boots)
Stlth   ++........              (no amulet)
HPRegen 0.12/turn               d - ring of flight
MPRegen 0.13/turn               s - ring of fire

@: flying
A: sickness immunity, AC +4, negative energy resistance 1, electricity
resistance, torment resistance 1, petrification resistance
a: Renounce Religion


You were on level 5 of the Dungeon.
You worshipped Vehumet.
Vehumet was noncommittal.
You visited 2 branches of the dungeon, and saw 6 of its levels.

You collected 231 gold pieces.
You spent 78 gold pieces at shops.

Inventory:

Hand Weapons
 p - the +0 rapier of Fifoicwu {vorpal, rElec rN+ Str-5}
   (You found it on level 2 of the Dungeon)

   It inflicts extra damage upon your enemies.
   Str:       It affects your strength (-5).
   rElec:     It insulates you from electricity.
   rN:        It protects you from negative energy.
 u - a +0 whip (weapon)
 w - a +0 mace
Armour
 a - a +0 robe (worn)
 c - a +1 cloak (worn)
 e - a +0 leather armour
 i - a scarf of shadows
 v - a +0 leather armour
 x - a +0 buckler
Jewellery
 d - a ring of flight (left hand)
 s - a ring of fire (right hand)
Wands
 t - a wand of flame (46)
Scrolls
 f - 4 scrolls of identify
 l - 4 scrolls of poison
 r - 2 scrolls of teleportation
Potions
 b - a potion of magic
 g - 2 potions of might
 h - 2 potions of invisibility
 j - 2 potions of curing
 k - a potion of ambrosia
 n - a potion of haste
 z - a potion of heal wounds
 B - a potion of cancellation


   Skills:
 + Level 0.1 Fighting
 + Level 1.2 Maces & Flails
 + Level 2.3 Dodging
 - Level 2.1 Stealth
 + Level 4.5 Spellcasting
 + Level 4.3 Conjurations
 + Level 5.5 Fire Magic


You had 5 spell levels left.
You knew the following spells:

 Your Spells              Type           Power      Damage    Failure   Level
a - Foxfire               Conj/Fire      100%       2x1d9     1%          1
b - Scorch                Fire           66%        2d8       2%          2
c - Conjure Flame         Conj/Fire      31%        6-21      6%          3
d - Flame Wave            Conj/Fire      31%        2d9       19%         4

Your spell library contained the following spells:

 Spells                   Type           Power      Damage    Failure   Level
 Magic Dart               Conj           72%        1d6       2%          1
 Inner Flame              Hex/Fire       19%        N/A       14%         3
 Call Imp                 Summ           3%         N/A       22%         2
 Mephitic Cloud           Conj/Pois/Air  8%         N/A       24%         3
 Ozocubu's Armour         Ice            3%         N/A       41%         3
 Anguish                  Hex/Necr       1%         N/A       83%         4
 Enfeeble                 Hex            1%         N/A       100%        7
 Ozocubu's Refrigeration  Ice            1%         4d7       100%        7


Dungeon Overview and Level Annotations

Branches:
Dungeon (5/15)             Temple (1/1) D:4

Altars:
Ashenzari
Cheibriados
Dithmenos
Elyvilon
Fedhas
Hepliaklqana
Makhleb
Nemelex Xobeh
Okawaru
Qazlal
Sif Muna
Trog
Vehumet
Wu Jian
Yredelemnul
Zin
The Shining One

Shops:
D:4 *(*(   D:5 :


Innate Abilities, Weirdness & Mutations

You are immune to sickness and miasma.
Your stone body is resilient. (AC +4)
You are immune to poison.
You resist negative energy. (rN+)
You are resistant to electric shocks. (rElec)
You are resistant to unholy torment.
You are immune to petrification.


Message History

The two-headed ogre is lightly wounded.
Casting: Foxfire (safe; 1% risk of failure)
Confirm with . or Enter, or press ? or * to list all spells.
You feel a surge of power!
You conjure some foxfire!
The foxfire hits the two-headed ogre.
The two-headed ogre is lightly wounded.
The foxfire hits the two-headed ogre!
The two-headed ogre is moderately wounded.
Casting: Foxfire (safe; 1% risk of failure)
Confirm with . or Enter, or press ? or * to list all spells.
You feel a surge of power!
You conjure some foxfire!
The foxfire hits the two-headed ogre.
The two-headed ogre is moderately wounded.
The foxfire hits the two-headed ogre but does no damage.
The two-headed ogre is moderately wounded.
A scorpion comes into view.
Casting: Foxfire (safe; 1% risk of failure)
Confirm with . or Enter, or press ? or * to list all spells.
You feel a surge of power!
Flames lash the two-headed ogre.
The two-headed ogre is moderately wounded.
The two-headed ogre's fire resistance burns away.
The foxfire hits the two-headed ogre.
The two-headed ogre is burned terribly!
The two-headed ogre is moderately wounded.
The foxfire hits the two-headed ogre but does no damage.
The two-headed ogre is moderately wounded.
Casting: Scorch (safe; 2% risk of failure)
Confirm with . or Enter, or press ? or * to list all spells.
You feel a surge of power!
Flames lash the two-headed ogre.
The two-headed ogre is burned terribly!
The two-headed ogre is heavily wounded.
Unknown command.
Casting: Scorch (safe; 2% risk of failure)
Confirm with . or Enter, or press ? or * to list all spells.
You feel a surge of power!
Flames lash the two-headed ogre.
The two-headed ogre is burned terribly!
The two-headed ogre is severely wounded.
The two-headed ogre hits you with a +0 dire flail!!
Ouch! That really hurt!
The two-headed ogre hits you with a +0 giant spiked club!
You die...

........ .. .. ...... ..##
#...### #.## #..... #. #...#
#.# #..s# ##.# ##...## ...
#####...O.#### #.####
#.......@....# #.....
#.###.....##.# #.#...
###.####(..###>#######...#.
#......##....#.#.......#...
#.#.##.##........#####.##.#
#.#.##..............##.##..
##.#..............##.##..... .
###..#######........##.##.##..
..##.....# #.###..........##.#


You could see a two-headed ogre (combustible) and a scorpion.

Vanquished Creatures
  Grinder (D:3)
  Sigmund (D:3)
  A scorpion (D:5)
  A jelly (D:5)
  An orc priest (D:4)
  An iguana (D:4)
  2 orc wizards (D:3)
  5 adders
  An ufetubus (D:5)
  2 dart slugs (D:2)
  A worm (D:4)
  11 orcs
  3 bats
  10 endoplasms
  A giant cockroach (D:1)
  9 goblins
  5 hobgoblins
  7 kobolds
  3 quokkas (D:4)
  8 ball pythons
  4 frilled lizards
  6 rats
84 creatures vanquished.

Vanquished Creatures (others)
  312 foxfires
312 creatures vanquished.

Grand Total: 396 creatures vanquished

Notes
Turn   | Place    | Note
-------+----------+-------------------------------------------
     0 | D:1      | funkygono the Gargoyle Fire Elementalist began the quest
                  | for the Orb.
     0 | D:1      | Reached XP level 1. HP: 10/10 MP: 3/3
   335 | D:1      | Reached XP level 2. HP: 15/15 MP: 1/5
   744 | D:1      | Learned a level 2 spell: Scorch
  1349 | D:2      | Reached XP level 3. HP: 19/19 MP: 0/6
  1354 | D:2      | Learned a level 3 spell: Conjure Flame
  1925 | D:2      | Identified the +0 rapier of Fifoicwu {vorpal, rElec rN+
                  | Str-5}
  2198 | D:2      | Reached XP level 4. HP: 21/24 MP: 1/8
  2943 | D:3      | Found a shadowy altar of Dithmenos.
  3202 | D:3      | Reached skill level 4 in Fire Magic
  3415 | D:3      | Noticed a floating eye
  3448 | D:3      | Found a faded altar of an unknown god.
  3470 | D:3      | Noticed a floating eye
  3470 | D:3      | Noticed Grinder
  3476 | D:3      | Paralysed by Grinder for 5 turns
  3485 | D:3      | Paralysed by Grinder for 5 turns
  3578 | D:3      | Paralysed by Grinder for 4 turns
  3589 | D:3      | Paralysed by Grinder for 4 turns
  3798 | D:3      | Killed Grinder
  3799 | D:3      | Reached XP level 5. HP: 28/28 MP: 1/10
  3799 | D:3      | Reached XP level 6. HP: 32/32 MP: 1/11
  4179 | D:3      | Noticed a floating eye
  4186 | D:3      | Noticed a golden eye
  4307 | D:3      | Noticed Sigmund
  4311 | D:3      | Killed Sigmund
  4312 | D:3      | Reached skill level 1 in Maces & Flails
  4312 | D:3      | Reached skill level 5 in Fire Magic
  4312 | D:3      | Reached XP level 7. HP: 31/36 MP: 5/13
  4686 | D:3      | Learned a level 4 spell: Flame Wave
  4899 | D:4      | Found a staircase to the Ecumenical Temple.
  4905 | Temple   | Entered the Ecumenical Temple
  5407 | D:4      | Found a white marble altar of Elyvilon.
  5487 | D:4      | Found a radiant altar of Vehumet.
  5502 | D:4      | Became a worshipper of Vehumet
  5512 | D:4      | Found Udghuogg's General Store.
  5515 | D:4      | Bought 3 scrolls of identify for 78 gold pieces
  5601 | D:4      | Found Doamoit's Weapon Boutique.
  5656 | D:4      | Found Pug Wukh's Assorted Antiques.
  5814 | D:4      | Found Hepraih's Weapon Boutique.
  6231 | D:5      | Entered Level 5 of the Dungeon
  6284 | D:5      | Found Acuvoaca's Book Shoppe.
  6499 | D:5      | Noticed a two-headed ogre
  6507 | D:5      | Slain by a two-headed ogre

Illustrated notes

Levels and vault maps discovered:
D:1:      wander_arrival_lonely_grave, layout_basic, minmay_misc_feat_tiny
D:2:      layout_loops_corners, serial_co_window_serial, co_window_paths_a,
          co_window_paths_a, co_window_paths_a, co_window_cross_1,
          co_window_corner_a, co_window_corner_cb, co_window_broadway_c,
          co_window_broadway_b, co_window_corner_ca, co_window_sun,
          glass_columns_a, glass_columns_c
D:3:      layout_loops_corners, old_standard_altar,
          hellmonk_ecumenical_altar_watching_god, minmay_distorted,
          uniq_sigmund, uniq_grinder
D:4:      layout_gridville, nicolae_vehumet_altar_sigil,
          mainiacjoe_overflow_alcove_2, serial_shops,
          nicolae_shop_overgrown_old_shop, nicolae_shop_bloodbath_and_beyond,
          shop, nicolae_shop_statue_plus,
          hangedman_abyss_or_decor_jellyfish_corner
D:5:      layout_loops_cross, nicolae_ru_awakened_eye, serial_shops,
          nicolae_shop_advertising_works [nicolae_subvault_shop_adworks],
          gammafunk_ghost_split, uniq_eustachio
Temple:   eino_temple_water

Skill      XL: |  1  2  3  4  5  6  7 |
---------------+----------------------+-----
Conjurations   | 3 4 |  4.3
Fire Magic     | 4 5 |  5.5
Spellcasting   | 3 4 |  4.5
Dodging        | 2 |  2.3
Maces & Flails | 1 |  1.2
Fighting       | |  0.1
Stealth        | |  2.1

Action                   |  1- 3 |  4- 6 |  7- 9 || total
-------------------------+-------+-------+-------++-------
Melee: Unarmed           |     8 |       |       ||     8
       Club              |       |    10 |       ||    10
       Whip              |       |       |     4 ||     4
 Cast: Foxfire           |    62 |    70 |    46 ||   178
       Scorch            |     1 |     6 |     7 ||    14
  Use: Scroll            |       |       |    14 ||    14
 Stab: Sleeping          |     1 |       |       ||     1
Armor: Robe              |     5 |    20 |     4 ||    29
Dodge: Dodged            |    15 |     9 |     6 ||    30
